 Dungeon Crawl Stone Soup version 0.30.1-4-g462c640d31 (webtiles) character file.

Game seed: 15832223351989208690

10619 holysushi the Unseen (level 11, -15/68 HPs)
             Began as a Vampire Enchanter on Sept 3, 2023.
             Was a Priest of Dithmenos.
             Killed from afar by a smoke demon (26 damage)
             ... with a ball of steam
             ... summoned by a kobold demonologist
             ... on level 10 of the Dungeon.
             The game lasted 00:43:57 (18249 turns).

holysushi the Unseen (Vampire Enchanter)           Turns: 18249, Time: 00:43:57

Health: -15/68     AC:  9    Str:  7    XL:     11   Next: 38%
Magic:  11/17      EV: 17    Int: 18    God:    Dithmenos [***...]
Gold:   1045       SH:  0    Dex: 19    Spells: 7/18 levels left

rFire   . . .        b - +2 dagger (venom)
rCold   + + .        (no shield)
rNeg    . . .        D - +2 robe {rC+}
rPois   .            w - +1 helmet
rElec   .            F - +2 cloak {Will+}
rCorr   .            (no gloves)
SInv    +            (no boots)
Will    +++..        u - amulet "Enoradgho" {RegenMP +Inv Stlth+} Stlth *+++++++++
                     A - ring of protection from cold
HPRegen 0.51/turn    j - ring of willpower
MPRegen 0.55/turn

%: no passive effects
@: very slightly contaminated, healing quickly, wreathed by umbra
A: alive, fangs 3, see invisible, vampiric 2
a: Exsanguinate, Renounce Religion, Evoke Invisibility, Shadow Step


You were on level 10 of the Dungeon.
You worshipped Dithmenos.
Dithmenos was most pleased with you.
You visited 2 branches of the dungeon, and saw 11 of its levels.
You also visited: Bailey.

You collected 1105 gold pieces.
You spent 60 gold pieces at shops.

Inventory:

Hand Weapons
 a - a +1 dagger of electrocution
 b - a +2 dagger of venom (weapon)
 O - a +3 short sword
 P - a +3 antimagic dagger
Missiles
 E - 8 throwing nets (quivered)
Armour
 q - +0 acid dragon scales
 w - a +1 helmet (worn)
 D - a +2 robe of cold resistance (worn)
 F - a +2 cloak of willpower (worn)
 G - a scarf of invisibility
Magical Staves
 r - a staff of air
Jewellery
 g - an amulet of reflection
 j - a ring of willpower (right hand)
 s - an amulet of faith
 u - the amulet "Enoradgho" (around neck) {RegenMP +Inv Stlth+}
   (You took it off a gnoll bouda in a bailey)

   [amulet of magic regeneration]

   It increases your rate of magic regeneration.
   +Inv:      It lets you turn invisible.
   Stlth:     It makes you more stealthy.
 A - a ring of protection from cold (left hand)
 M - a ring of wizardry
Wands
 h - a wand of polymorph (22)
 y - a wand of flame (20)
Scrolls
 d - 4 scrolls of teleportation
 e - a scroll of immolation {unknown}
 k - 6 scrolls of identify
 m - 3 scrolls of brand weapon
 n - 3 scrolls of fear
 o - a scroll of vulnerability
 t - a scroll of amnesia
 x - 2 scrolls of enchant weapon {unknown}
 K - 3 scrolls of magic mapping
 L - 2 scrolls of noise {unknown}
Potions
 c - 4 potions of invisibility
 f - 2 potions of magic
 i - 2 potions of berserk rage {unknown}
 l - a potion of resistance
 p - 4 potions of cancellation
 v - 2 potions of curing
 z - a potion of lignification {unknown}
 B - 2 potions of haste
 C - a potion of heal wounds {unknown}
 H - 2 potions of degeneration
 I - a potion of ambrosia
 J - a potion of flight {unknown}
 N - a potion of might


   Skills:
 - Level 10.0 Short Blades
 + Level 8.4 Dodging
 + Level 17.2 Stealth
 - Level 4.0 Spellcasting
 - Level 1.0 Conjurations
 - Level 6.0 Hexes
 - Level 6.0 Evocations


You had 7 spell levels left.
You knew the following spells:

 Your Spells              Type           Power      Damage    Failure   Level
a - Ensorcelled Hibernat  Hex/Ice        28%        N/A       6%          2
b - Confusing Touch       Hex            25%        N/A       3%          3
c - Dazzling Flash        Conj/Hex       32%        N/A       11%         3
d - Tukima's Dance        Hex            25%        N/A       3%          3

Your spell library contained the following spells:

 Spells                   Type           Power      Damage    Failure   Level
 Slow                     Hex            100%       N/A       1%          1
 Magic Dart               Conj           28%        1d4       10%         1
 Freeze                   Ice            12%        1d3       14%         1
 Sting                    Tmut/Pois      12%        1d3       14%         1
 Searing Ray              Conj           14%        2d5       14%         2
 Momentum Strike          Conj/Tloc      10%        3d8       19%         2
 Blink                    Tloc           6%         N/A       22%         2
 Lesser Beckoning         Tloc           6%         N/A       22%         2
 Passwall                 Tmut/Erth      2%         N/A       22%         2
 Poisonous Vapours        Pois/Air       6%         N/A       22%         2
 Hailstorm                Conj/Ice       5%         3d4       34%         3
 Fulminant Prism          Conj/Hex       8%         3d6       34%         4
 Frozen Ramparts          Ice            6%         1d1       41%         3
 Swiftness                Air            3%         N/A       41%         3
 Vampiric Draining        Necr           3%         2d6       41%         3
 Silence                  Hex/Air        7%         N/A       75%         5
 Olgreb's Toxic Radiance  Pois           3%         N/A       82%         4
 Agony                    Necr           3%         N/A       99%         5


Dungeon Overview and Level Annotations

Branches:
Dungeon (10/15)            Temple (1/1) D:5             Orc (0/2) D:9
 Bailey (visited)
   Lair: D:8-11

Altars:
Ashenzari
Cheibriados
Dithmenos
Fedhas
Gozag
Hepliaklqana
Kikubaaqudgha
Makhleb
Nemelex Xobeh
Okawaru
Qazlal
Ru
Sif Muna
Trog
Uskayaw
Vehumet
Wu Jian
Xom
Yredelemnul

Shops:
D:2 [?

Portals:
Abyss: D:6

Annotations:
D:3 exclusion: oklob plant
D:4 exclusion: downstairs, Duvessa
D:5 exclusion: 3 oklob plants
D:6 2 transporters, gdog's ghost, amateur GnDe


Innate Abilities, Weirdness & Mutations

Your natural rate of healing is accelerated.
You have razor-sharp teeth.
You have supernaturally acute eyesight. (SInv)
You are afflicted with vampirism and can become a bat while bloodless.


Message History

Your hands begin to glow red.
You feel very sick. The kobold brigand closely misses you.
The kobold demonologist barely misses you.
The smoke demon closely misses you.
The smoke demon hits you but does no damage.
The smoke demon hits you.
You hit the kobold demonologist but do no damage.
Your bite misses the kobold demonologist.
You feel sick.
You hit the kobold demonologist but do no damage.
The smoke demon gestures at you. Something smites you!
The kobold demonologist hits you with a +0 dagger.
The kobold brigand hits you with a +1 short sword of electrocution.
You are electrocuted!
You hit the kobold demonologist but do no damage.
You feel sick.
You hit the kobold demonologist but do no damage.
You feel sick. The kobold brigand misses you.
The kobold demonologist misses you. The smoke demon barely misses you.
The smoke demon hits you but does no damage.
The smoke demon closely misses you.
You hit the kobold demonologist but do no damage.
The kobold demonologist appears confused.
You bite the kobold demonologist.
The kobold demonologist is lightly wounded.
You hit the kobold demonologist.
The kobold demonologist is poisoned.
The kobold demonologist is lightly wounded.
You feel sick.
The kobold brigand hits you with a +1 short sword of electrocution.
You are electrocuted!!
* * * LOW HITPOINT WARNING * * *
The smoke demon hits you.
* * * LOW HITPOINT WARNING * * *
The smoke demon barely misses you. x2
You feel better. The smoke demon gestures at you. The ball of steam hits you!!
You die...

######.##..#
#§§§§#.##..##########
#§§.≈#.##...5).......
#≈_!≈#...K.K3.)......
§≈≈#...§.K.K...####
#.
#.####'#.########..#
#. #........# ..# #..
#####K#).# ..#
##..#######K@.#####
...
............3.......
....
###....)..........
.####
#...############
#...# #...#
######...######
................
................


You could see a kobold demonologist (confused, very poisoned), a smoke demon
(summoned) and a kobold brigand.

Vanquished Creatures
  3 two-headed ogres (D:9)
  Pikel (D:5)
  Joseph (D:7)
  Maggie (D:6)
  An unseen horror (D:6)
  3 kobold demonologists (D:10)
  A troll (D:5)
  Prince Ribbit (D:7)
  Grinder (D:5)
  A shadow (D:8)
  4 yaks (D:7)
  Grum (Bailey)
  A steam dragon (D:7)
  Edmund (D:5)
  2 sky beasts
  2 ice beasts
  2 orc warriors
  2 ogres
  A black bear (D:6)
  7 wolves (Bailey)
  A lemure (D:5)
  3 centaurs (D:7)
  4 bullfrogs
  4 kobold brigands
  6 gnoll sergeants (Bailey)
  4 scorpions
  7 wights
  Dowan (D:4)
  4 killer bees (D:9)
  9 howler monkeys
  4 hounds
  A jelly (D:5)
  6 gnoll boudas
  7 orc priests
  3 sleepcaps
  6 iguanas
  7 orc wizards
  18 gnolls
  5 adders
  A white imp (D:8)
  2 shadow imps
  3 ufetubi
  2 dart slugs
  25 orcs
  5 endoplasms
  4 giant cockroaches
  3 goblins
  7 hobgoblins
  7 jackals
  3 quokkas
  5 ball pythons
  2 bats (D:1)
  6 frilled lizards
  21 kobolds
  4 rats
237 creatures vanquished.

Vanquished Creatures (collateral kills)
  A gnoll sergeant (Bailey)
  A gnoll (Bailey)
2 creatures vanquished.

Vanquished Creatures (others)
  2 dancing weapons
2 creatures vanquished.

Grand Total: 241 creatures vanquished

Notes
Turn   | Place    | Note
-------+----------+-------------------------------------------
     0 | D:1      | holysushi the Vampire Enchanter began the quest for the
                  | Orb.
     0 | D:1      | Reached XP level 1. HP: 13/13 MP: 3/3
   168 | D:1      | Reached XP level 2. HP: 5/19 MP: 5/5
   471 | D:1      | Learned a level 2 spell: Ensorcelled Hibernation
   970 | D:2      | Found Vazitypt's Armour Emporium.
   983 | D:2      | Gained mutation: You are afflicted with vampirism and can
                  | become a bat while bloodless. [Vampire growth]
   983 | D:2      | Reached XP level 3. HP: 23/24 MP: 6/6
  1312 | D:2      | Found a faded altar of an unknown god.
  1538 | D:2      | Prayed at the altar of an unknown god.
  1538 | D:2      | Became a worshipper of Fedhas Madash
  1538 | D:2      | Reached * piety under Fedhas
  1541 | D:2      | Fell from the grace of Fedhas
  1775 | D:2      | Found Zunalun's Magic Scroll Shop.
  1778 | D:2      | Bought a scroll of fear for 40 gold pieces
  1778 | D:2      | Bought a scroll of identify for 20 gold pieces
  1889 | D:3      | Found a broken altar of Ashenzari.
  2141 | D:3      | Found a radiant altar of Vehumet.
  2194 | D:3      | Reached XP level 4. HP: 30/30 MP: 7/7
  3303 | D:4      | Noticed Duvessa
  3452 | D:4      | Noticed an ogre
  3457 | D:4      | Killed an ogre
  3458 | D:4      | Reached skill level 5 in Short Blades
  3458 | D:4      | Reached XP level 5. HP: 35/35 MP: 5/8
  3575 | D:4      | Noticed Dowan
  5027 | D:3      | Noticed an oklob plant
  5027 | D:3      | Noticed a wandering mushroom
  5027 | D:3      | Noticed a wandering mushroom
  8752 | D:4      | Killed Dowan
  8756 | D:5      | Entered Level 5 of the Dungeon
  8763 | D:5      | Reached XP level 6. HP: 26/41 MP: 1/9
  8789 | D:5      | Noticed an oklob plant
  8789 | D:5      | Noticed a wandering mushroom
  8789 | D:5      | Noticed an oklob plant
  8789 | D:5      | Noticed an oklob plant
  9154 | D:5      | Noticed Edmund
  9162 | D:5      | Found a bloodstained altar of Trog.
  9165 | D:5      | Killed Edmund
  9251 | D:5      | Learned a level 3 spell: Confusing Touch
  9255 | D:5      | Learned a level 3 spell: Dazzling Flash
  9280 | D:5      | Reached skill level 5 in Stealth
  9634 | D:1      | Was forgiven by Fedhas
 10224 | D:5      | Found a staircase to the Ecumenical Temple.
 10242 | Temple   | Entered the Ecumenical Temple
 10254 | Temple   | Became a worshipper of Dithmenos the Shadowed
 10302 | D:5      | Noticed Grinder
 10315 | D:5      | Reached XP level 7. HP: 38/46 MP: 4/10
 10576 | D:5      | Paralysed by Grinder for 4 turns
 10587 | D:5      | Killed Grinder
 10588 | D:5      | Reached skill level 6 in Stealth
 10812 | D:5      | Reached skill level 7 in Stealth
 10892 | D:5      | Noticed Pikel
 11010 | D:5      | Killed Pikel
 11011 | D:5      | Reached skill level 5 in Dodging
 11011 | D:5      | Reached XP level 8. HP: 9/52 MP: 2/11
 11346 | D:5      | Noticed a troll
 11354 | D:5      | Killed a troll
 11890 | D:6      | Reached skill level 10 in Short Blades
 11952 | D:6      | Reached skill level 8 in Stealth
 11952 | D:6      | Reached XP level 9. HP: 52/57 MP: 12/12
 12263 | D:6      | Reached skill level 9 in Stealth
 12307 | D:6      | Noticed an unseen horror
 12317 | D:6      | Killed an unseen horror
 12318 | D:6      | Reached skill level 10 in Stealth
 12321 | D:6      | Noticed an ancient zyme
 12405 | D:6      | Noticed gdog's ghost (amateur GnDe)
 12415 | D:6      | Found a one-way gate to the infinite horrors of the Abyss.
 12671 | D:6      | Reached skill level 11 in Stealth
 12731 | D:6      | Reached skill level 5 in Hexes
 12873 | D:6      | Reached skill level 1 in Conjurations
 12881 | D:6      | Reached * piety under Dithmenos
 13015 | D:6      | Noticed Maggie
 13026 | D:6      | Killed Maggie
 13027 | D:6      | Reached skill level 12 in Stealth
 13100 | D:6      | Found a transporter.
 13125 | D:6      | Found a transporter.
 13397 | D:7      | You fall into a shaft and drop 2 floors!
 13465 | D:9      | Found Jakuskig's Armour Boutique.
 13479 | D:9      | Noticed a two-headed ogre
 13493 | D:9      | Killed a two-headed ogre
 13494 | D:9      | Reached skill level 14 in Stealth
 13504 | D:9      | Learned a level 3 spell: Tukima's Dance
 13560 | D:7      | Reached XP level 10. HP: 63/63 MP: 10/13
 13628 | D:7      | Found a flagged portal.
 13641 | Bailey   | Entered a bailey
 14132 | Bailey   | Identified the amulet "Enoradgho" {RegenMP +Inv Stlth+}
 14179 | Bailey   | Reached skill level 15 in Stealth
 14591 | Bailey   | Reached skill level 1 in Evocations
 14729 | Bailey   | Reached ** piety under Dithmenos
 15012 | Bailey   | Noticed Grum
 15016 | Bailey   | Killed Grum
 15225 | D:7      | Found a hide-covered altar of Uskayaw.
 15231 | D:7      | Noticed Joseph
 15759 | D:7      | Reached skill level 16 in Stealth
 15802 | D:7      | Noticed Prince Ribbit
 15809 | D:7      | Killed Prince Ribbit
 15853 | D:7      | Killed Joseph
 15915 | D:7      | Reached skill level 5 in Evocations
 16369 | D:8      | Identified the +4 leather armour "Futs" {rPois Regen+ MP-9
                  | Stlth+}
 16665 | D:8      | Identified the +10 hand axe of the Sun {heavy, rPois Will+
                  | Int+3}
 16787 | D:8      | Reached XP level 11. HP: 61/67 MP: 15/17
 16906 | D:8      | Reached *** piety under Dithmenos
 17147 | D:9      | Noticed a two-headed ogre
 17162 | D:9      | Killed a two-headed ogre
 17300 | D:9      | Noticed a two-headed ogre
 17898 | D:9      | Found a staircase to the Orcish Mines.
 17957 | D:9      | Killed a two-headed ogre
 18116 | D:10     | Entered Level 10 of the Dungeon
 18135 | D:10     | Found a burning altar of Makhleb.
 18177 | D:10     | Noticed a soul eater
 18180 | D:10     | Reached skill level 17 in Stealth
 18248 | D:10     | HP: 2/68 [kobold brigand/+1 short sword of electrocution
                  | (20)]
 18249 | D:10     | Killed from afar by a smoke demon

Illustrated notes

Levels and vault maps discovered:
D:1:      sevenhm_arrival_forest_fort_large_2, layout_basic,
          chequers_serial_rivers_micro_d
D:2:      layout_loops_corners, ebering_ecumenical_altar_ruins, serial_shops,
          shop, shop
D:3:      layout_rooms, mainiacjoe_overflow_catch_the_wave, minmay_vboxes
D:4:      layout_rooms, uniq_duvessa
D:5:      layout_basic, mainiacjoe_overflow_paths, minmay_temple_entry_grid,
          minmay_small_thing, uniq_pikel, uniq_grinder, uniq_edmund
D:6:      layout_loops_corners, gammafunk_ghost_abyssal_escape, uniq_maggie
D:7:      layout_loops_ring, eat_drink_and_be_merry_uskayaw, enter_bailey_2,
          grunt_ministairs_15, uniq_joseph, uniq_prince_ribbit1
D:8:      layout_loops_cross, bh_walls_and_bars, uniq_grum
D:9:      layout_cave_pools, david_orc_2, serial_shops,
          nicolae_shop_tiny_real_fake_doors
D:10:     layout_long_grid, general_overflow_altar, due_lair_maze_entry_diamond,
          nicolae_nh_oracle_at_delphi, uniq_maurice
Temple:   sentei_temple_godly_chess

Skill      XL: |  1  2  3  4  5  6  7  8  9 10 11 |
---------------+----------------------------------+-----
Short Blades   | 2 3 5 6 7 9 10 | 10.0
Stealth        | 5 7 8 14 16 17 | 17.2
Dodging        | 5 6 7 8 |  8.4
Hexes          | 6 |  6.0
Conjurations   | 1 |  1.0
Evocations     | 5 6 |  6.0
Spellcasting   | 4 |  4.0

Action                     |  1- 3 |  4- 6 |  7- 9 | 10-12 || total
---------------------------+-------+-------+-------+-------++-------
  Melee: Dagger            |   130 |    67 |   226 |   309 ||   732
         Bite              |     7 |     4 |    34 |    31 ||    76
         Punch             |       |     1 |     8 |     5 ||    14
   Cast: Ensorcelled Hiber |     1 |     7 |    29 |    81 ||   118
         Confusing Touch   |       |     1 |    15 |    15 ||    31
         Dazzling Flash    |       |     1 |     1 |     3 ||     5
         Tukima's Dance    |       |       |       |    21 ||    21
 Invoke: Renounce Religion |     1 |       |       |       ||     1
  Evoke: Wand              |       |       |       |     1 ||     1
    Use: Scroll            |     3 |       |    12 |       ||    15
         Potion            |       |       |     2 |     3 ||     5
   Stab: Sleeping          |    17 |     8 |    28 |    55 ||   108
         Confused          |       |     1 |    15 |     8 ||    24
         Distracted        |       |       |       |     6 ||     6
         Invisible         |       |       |       |     3 ||     3
 Armour: Robe              |    15 |     7 |    14 |    47 ||    83
  Dodge: Dodged            |    41 |    32 |    83 |   274 ||   430
  Block: Other             |    10 |    14 |    31 |    12 ||    67
         Reflection        |       |     1 |       |     1 ||     2
